 Dungeon Crawl Stone Soup version 0.31-a0-1025-g2e47921a08 (webtiles) character file.

Game seed: 12603167167172029065

43822 night the Skirmisher (level 13, -2/117 HPs)
             Began as a Demigod Hunter on Nov 17, 2023.
             Slain by an eight-headed hydra (3 damage)
             ... while petrified by a basilisk
             ... on level 5 of the Lair of Beasts.
             The game lasted 00:44:13 (14676 turns).

night the Skirmisher (Demigod Hunter)              Turns: 14676, Time: 00:44:14

Health: -2/117     AC:  8    Str: 11    XL:     13   Next: 55%
Magic:  22/22      EV:  2    Int: 29    God:
Gold:   624        SH:  0    Dex: 24    Spells: 9/19 levels left

rFire   + . .        f - +6 arbalest "Damnation" {damnation}
rCold   + . .        (shield currently unavailable)
rNeg    + + +        c - +2 leather armour of Cufeet {Regen+}
rPois   ∞            (no helmet)
rElec   .            a - +0 cloak
rCorr   .            P - +1 pair of gloves of the Lost Spirits {rN++ Int+6}
SInv    .            (no boots)
Will    +....        u - amulet of reflection
Stlth   ++++         p - ring of protection from fire
HPRegen 1.19/turn    r - ring of wizardry
MPRegen 0.18/turn

%: reflection, wizardry (x1)
@: petrified
A: high MP 1, forlorn, divine attributes, camouflage 1, clever 1, cold
resistance 1, MP-powered wands
a: no special abilities


You were on level 5 of the Lair of Beasts.
You visited 3 branches of the dungeon, and saw 15 of its levels.
You also visited: Bailey and Gauntlet.

You collected 780 gold pieces.
You spent 156 gold pieces at shops.

Inventory:

Hand Weapons
 f - the +6 arbalest "Damnation" (weapon) {damnation}
   (You acquired it on level 7 of the Dungeon)
Missiles
 E - 15 javelins
 U - 42 poisoned darts
 W - 3 curare-tipped darts
Armour
 a - a +0 cloak (worn)
 c - the +2 leather armour of Cufeet (worn) {Regen+}
   (You found it in a Gauntlet)

   Regen+:    It increases your rate of health regeneration.
 P - the +1 pair of gloves of the Lost Spirits (worn) {rN++ Int+6}
   (You found it in a bailey)

   Int+6:     It affects your intelligence (+6).
   rN++:      It greatly protects you from negative energy.
Jewellery
 h - a ring of protection from fire
 i - an amulet of the acrobat
 m - a ring of willpower
 p - a ring of protection from fire (left hand)
 r - a ring of wizardry (right hand)
 u - an amulet of reflection (around neck)
 y - a ring of protection from cold
 z - the ring of the Mage {Wiz Archmagi}
   (You took it off a minotaur in a Gauntlet)

   [ring of wizardry]

   Wiz:       It improves your spell success rate.
   Archmagi:  It increases the power of your magical spells.
 T - a ring of ice
 X - a +6 ring of intelligence
Talismans
 d - a storm talisman
Wands
 s - a wand of polymorph (5)
 A - a wand of flame (22)
 B - a wand of paralysis (12)
 K - a wand of quicksilver (19)
Scrolls
 b - 2 scrolls of butterflies
 e - 5 scrolls of poison
 g - 2 scrolls of torment
 j - 3 scrolls of enchant armour
 k - 3 scrolls of fear
 q - 3 scrolls of amnesia
 t - 5 scrolls of enchant weapon
 v - 4 scrolls of blinking
 w - a scroll of noise
 C - 5 scrolls of vulnerability
 G - 2 scrolls of teleportation
 J - 3 scrolls of fog
 M - a scroll of acquirement
 Z - a scroll of immolation
Potions
 l - 4 potions of enlightenment
 n - 3 potions of curing
 o - a potion of invisibility
 x - 2 potions of attraction {unknown}
 D - a potion of brilliance {unknown}
 F - 2 potions of might {unknown}
 I - 2 potions of lignification {unknown}
 L - 2 potions of berserk rage {unknown}
 N - a potion of cancellation {unknown}
 O - a potion of resistance {unknown}
 S - a potion of haste {unknown}
Miscellaneous
 H - a lightning rod (4/4)
 V - a phantom mirror


   Skills:
 + Level 11.7 Fighting
 * Level 14.9 Ranged Weapons
 + Level 10.0 Dodging
 - Level 4.0 Stealth
 - Level 3.8 Spellcasting
 - Level 2.0 Fire Magic
 - Level 5.7 Poison Magic


You had 9 spell levels left.
You knew the following spells:

 Your Spells              Type           Power      Damage    Failure   Level
a - Sting                 Tmut/Pois      88%        1d7       1%          1
b - Poisonous Vapours     Pois/Air       44%        N/A       1%          2
c - Ignite Poison         Fire/Tmut/Pois 20%        N/A       4%          3
d - Olgreb's Toxic Radia  Pois           38%        N/A       3%          4

Your spell library contained the following spells:

 Spells                   Type           Power      Damage    Failure   Level
 Magic Dart               Conj           20%        1d4       4%          1
 Searing Ray              Conj           10%        2d4       6%          2
 Volatile Blastmotes      Fire/Tloc      22%        2d11      8%          3
 Gell's Gravitas          Tloc           5%         N/A       12%         3
 Teleport Other           Tloc           5%         N/A       12%         3
 Sticky Flame             Conj/Fire      11%        2d3       24%         4
 Anguish                  Hex/Necr       2%         N/A       34%         4
 Cause Fear               Hex            2%         N/A       34%         4
 Fulminant Prism          Conj/Hex       2%         3d5       34%         4
 Iskenderun's Mystic Bla  Conj/Tloc      5%         2d3       34%         4
 Dispersal                Tloc           2%         N/A       99%         6
 Enfeeble                 Hex            2%         N/A       100%        7
 Ignition                 Fire           8%         3d5       100%        8


Dungeon Overview and Level Annotations

Branches:
Dungeon (10/15)            Temple (1/1) D:4            Lair (5/5) D:9
 Shoals (0/4) Lair:2       Spider (0/4) Lair:3       Bailey (visited)
Gauntlet (visited)
  Slime: Lair:4-5       Orc: D:9-12

Shops:
D:3 !   D:9 (

Annotations:
D:8 2 transporters, graki42's ghost, journeyman GrFi
D:10 3 runed translucent doors


Innate Abilities, Weirdness & Mutations

You have an increased reservoir of magic. (+10% MP)
You shall have no god before yourself.
Your divine heritage dramatically boosts your attributes as you level up.
Your skin changes colour to match your surroundings (Stealth+).
Your mind is acute. (Int +4, Str/Dex -1)
Your flesh is cold resistant. (rC+)
You expend magic power (3 MP) to strengthen your wands.


Message History

The eight-headed hydra bites you! The eight-headed hydra bites you.
The eight-headed hydra bites you but does no damage.
The eight-headed hydra barely misses you.
The eight-headed hydra bites you.
The eight-headed hydra bites you but does no damage.
The eight-headed hydra bites you!
* * * LOW HITPOINT WARNING * * *
The eight-headed hydra bites you. The eight-headed hydra bites you!
* * * LOW HITPOINT WARNING * * *
The eight-headed hydra bites you but does no damage.
The eight-headed hydra bites you.
* * * LOW HITPOINT WARNING * * *
The eight-headed hydra bites you but does no damage.
The eight-headed hydra bites you.
* * * LOW HITPOINT WARNING * * *
The eight-headed hydra bites you but does no damage. x3
The basilisk gazes at you.
You easily resist.
The eight-headed hydra bites you!
* * * LOW HITPOINT WARNING * * *
The eight-headed hydra bites you!
* * * LOW HITPOINT WARNING * * *
The eight-headed hydra bites you but does no damage. x3
The eight-headed hydra bites you. x2
* * * LOW HITPOINT WARNING * * *
The eight-headed hydra bites you.
* * * LOW HITPOINT WARNING * * *
The eight-headed hydra bites you.
* * * LOW HITPOINT WARNING * * *
The eight-headed hydra bites you but does no damage.
The eight-headed hydra bites you!
* * * LOW HITPOINT WARNING * * *
The eight-headed hydra bites you.
* * * LOW HITPOINT WARNING * * *
The eight-headed hydra barely misses you.
The eight-headed hydra bites you!
* * * LOW HITPOINT WARNING * * *
The eight-headed hydra barely misses you.
The eight-headed hydra bites you!
You die...

#.~~~~~..........#~.≈~≈≈≈≈~~~≈~~~
..~~~~~.........##~~~~≈≈≈≈~~P~~~*
#.~~~~~.........#..~~~≈~≈≈≈~~~~**
P.~~~~~......#..#.~~~≈≈≈~≈≈≈~≈~~*
..~~~~~........##.~~~≈≈P~≈≈~~~~**
..~~~~~.....#.###.~~~≈~~~≈~~~~**~
#.~~~~~........#~.~~~~~~~≈~~~~~*,
..~~~~~........#..~~~~~~.~~,~,**~
..~~~~~........#@~~~~~#~~~,~~~**~
..~~~~~.........D~~~~~#~P.~PPPP#~
..~~~~~........P~≈l~~##≈~~PP)?P#~
#.~~#~~..#...##..~~#####FPP$?"PP~
..~###~.##†.#....~~~##~≈~PP[?=PP~
..~##~~..#..##...~≈~#~~~~#P=!PP.~
#.~##~~..#...#.P.P~~S~~~~#PPP~~~~
#.~~#~~..#...#....~~~≈.~~##PPF.~~
#††~##~...#..#....~~~~~~.##.†F~~y


You could see an eight-headed hydra, a basilisk and an electric eel (wandering).

Vanquished Creatures
  A minotaur (Gauntlet)
  3 two-headed ogres
  A boulder beetle (Lair:1)
  3 death yaks (Lair:2)
  Sonja (D:10)
  2 skysharks
  2 goliath frogs (Lair:5)
  An orb spider (Lair:3)
  3 large abominations (Gauntlet)
  An orange crystal statue (D:10)
  An obsidian statue (Gauntlet)
  A necromancer (D:10)
  A manticore (Lair:2)
  Joseph (D:7)
  9 centaur skeletons (D:10)
  Jeremiah (D:6)
  19 cane toads
  3 unseen horror zombies (D:10)
  2 kobold demonologists (Bailey)
  2 rime drakes
  8 komodo dragons
  An unseen horror skeleton (D:10)
  2 polar bears (Lair:2)
  A tyrant leech (Lair:5)
  A wind drake (Lair:2)
  A hornet (D:8)
  Grinder (D:5)
  10 blink frogs
  Sigmund (D:3)
  4 flying skulls (D:10)
  2 centaur simulacra (Gauntlet)
  23 yaks
  4 wyverns
  4 shadows
  6 wraiths
  3 steam dragons
  4 basilisks
  9 vampire mosquitoes
  Menkaure (D:6)
  A swamp worm (D:7)
  Edmund (D:6)
  3 small abominations (Gauntlet)
  An acid dragon (D:9)
  Duvessa (D:7)
  14 water moccasins
  A sky beast (D:7)
  2 black bears
  A meliai simulacrum (Gauntlet)
  12 orc warriors
  11 wolves
  3 ogres
  3 kobold brigands
  13 bullfrogs
  A gnoll sergeant (D:9)
  3 scorpions
  8 wights
  A hornet simulacrum (Gauntlet)
  Dowan (D:7)
  4 killer bees (D:10)
  2 howler monkeys
  8 electric eels
  5 centaur zombies (D:10)
  An iron imp (D:3)
  A hound (D:4)
  2 jellies
  3 orc priests
  2 iguanas
  Natasha (thrice) (D:4)
  3 orc wizards
  A boggart simulacrum (Gauntlet)
  7 gnolls
  5 adders
  A shadow imp (D:5)
  3 white imps
  2 worms
  3 dart slugs
  37 orcs
  8 ball pythons
  9 bats
  3 endoplasms
  3 giant cockroaches
  14 goblins
  13 hobgoblins
  3 jackals (D:2)
  22 kobolds
  5 quokkas
  3 frilled lizards (D:1)
  5 rats
406 creatures vanquished.

Notes
Turn   | Place    | Note
-------+----------+-------------------------------------------
     0 | D:1      | night the Demigod Hunter began the quest for the Orb.
     0 | D:1      | Reached XP level 1. HP: 17/17 MP: 3/3
    11 | D:1      | Reached skill level 1 in Stealth
    77 | D:1      | Reached skill level 2 in Fighting
    95 | D:1      | Reached XP level 2. HP: 16/24 MP: 4/4
   785 | D:2      | Reached skill level 4 in Ranged Weapons
   785 | D:2      | Reached XP level 3. HP: 16/30 MP: 5/5
   789 | D:2      | Reached skill level 2 in Stealth
  1316 | D:3      | Reached XP level 4. HP: 37/37 MP: 6/6
  1469 | D:3      | Found Tom Inna's Distillery.
  1636 | D:3      | Noticed Sigmund
  2101 | D:3      | Killed Sigmund
  2102 | D:3      | Reached XP level 5. HP: 44/46 MP: 7/7
  2216 | D:3      | Reached XP level 6. HP: 52/52 MP: 8/8
  2540 | D:3      | Reached skill level 5 in Ranged Weapons
  2750 | D:4      | Found a staircase to the Ecumenical Temple.
  2856 | D:4      | HP: 5/52 [iguana (8)]
  2915 | D:3      | Bought a potion of curing for 36 gold pieces
  2915 | D:3      | Bought 2 potions of heal wounds for 120 gold pieces
  3107 | D:4      | Noticed Natasha
  3112 | D:4      | Killed Natasha
  3293 | D:4      | Noticed Natasha
  3302 | D:4      | Killed Natasha
  3313 | D:4      | Noticed Natasha
  3317 | D:4      | Killed Natasha
  3365 | Temple   | Entered the Ecumenical Temple
  3389 | D:4      | Learned a level 1 spell: Sting
  3392 | D:4      | Learned a level 2 spell: Poisonous Vapours
  3554 | D:5      | Entered Level 5 of the Dungeon
  3598 | D:5      | Reached XP level 7. HP: 46/60 MP: 10/10
  3862 | D:5      | Noticed Grinder
  3877 | D:5      | Paralysed by Grinder for 5 turns
  3886 | D:5      | Paralysed by Grinder for 5 turns
  3899 | D:5      | Paralysed by Grinder for 3 turns
  3916 | D:5      | Killed Grinder
  3917 | D:5      | Reached skill level 1 in Spellcasting
  3917 | D:5      | Reached skill level 1 in Poison Magic
  4158 | D:5      | Reached skill level 5 in Fighting
  4267 | D:5      | Reached skill level 6 in Ranged Weapons
  4527 | D:5      | Reached skill level 2 in Poison Magic
  4590 | D:6      | Noticed Edmund
  4619 | D:6      | Killed Edmund
  4620 | D:6      | Reached skill level 2 in Spellcasting
  4847 | D:6      | Reached XP level 8. HP: 64/69 MP: 10/14
  5290 | D:6      | Noticed Menkaure
  5362 | D:6      | Learned a level 3 spell: Ignite Poison
  5367 | D:6      | Learned a level 4 spell: Olgreb's Toxic Radiance
  5534 | D:6      | Killed Menkaure
  5894 | D:6      | Noticed Jeremiah
  5899 | D:6      | Killed Jeremiah
  5900 | D:6      | Reached skill level 7 in Ranged Weapons
  6291 | D:7      | Reached XP level 9. HP: 41/75 MP: 16/18
  6633 | D:7      | Noticed Joseph
  6647 | D:7      | HP: 4/73 [Joseph/sling bullet (15)]
  6650 | D:7      | Gained mutation: Your skin changes colour to match your
                  | surroundings (Stealth+). [potion of mutation]
  6650 | D:7      | Gained mutation: Your flesh is cold resistant. (rC+)
                  | [potion of mutation]
  6650 | D:7      | Gained mutation: Your mind is acute. (Int +4, Str/Dex -1)
                  | [potion of mutation]
  6650 | D:7      | Gained mutation: You expend magic power (3 MP) to
                  | strengthen your wands. [potion of mutation]
  6655 | D:7      | Killed Joseph
  6656 | D:7      | Reached skill level 2 in Dodging
  6656 | D:7      | Reached skill level 1 in Fire Magic
  7240 | D:7      | Reached skill level 2 in Fire Magic
  7522 | D:7      | Noticed Dowan
  7523 | D:7      | Noticed Duvessa
  7532 | D:7      | Killed Dowan
  7533 | D:7      | Reached skill level 5 in Poison Magic
  7547 | D:7      | Killed Duvessa
  7855 | D:7      | Identified a scroll of acquirement
  7856 | D:7      | Acquired the +6 arbalest "Damnation" {damnation}
  7856 | D:7      | Found the +6 arbalest "Damnation" {damnation}
  8055 | D:8      | Found a flagged portal.
  8065 | Bailey   | Entered a bailey
  8161 | Bailey   | Noticed a kobold demonologist
  8163 | Bailey   | Killed a kobold demonologist
  8164 | Bailey   | Reached skill level 8 in Ranged Weapons
  8179 | Bailey   | Noticed a kobold demonologist
  8180 | Bailey   | Killed a kobold demonologist
  8181 | Bailey   | Reached XP level 10. HP: 86/86 MP: 19/19
  8589 | Bailey   | Identified the +1 pair of gloves of the Lost Spirits {rN++
                  | Int+6}
  8759 | D:8      | Found a transporter.
  8766 | D:8      | Found a transporter.
  8770 | D:8      | Noticed graki42's ghost (journeyman GrFi)
  8771 | D:8      | Noticed a moth of wrath
  9037 | D:8      | Paralysed by a hornet for 2 turns
  9254 | D:9      | Reached skill level 9 in Ranged Weapons
  9256 | D:9      | Reached skill level 5 in Dodging
  9620 | D:9      | Found a staircase to the Lair.
  9716 | D:9      | Noticed a two-headed ogre
  9719 | D:9      | Killed a two-headed ogre
  9753 | D:9      | Found Watyan's Weapon Emporium.
  9776 | D:9      | Found a large runed translucent door.
  9777 | D:9      | Found a large runed translucent door.
  9833 | D:9      | Noticed a two-headed ogre
  9838 | D:9      | Killed a two-headed ogre
  9839 | D:9      | Reached skill level 10 in Ranged Weapons
  9840 | D:9      | Reached XP level 11. HP: 83/95 MP: 20/20
 10127 | D:10     | Entered Level 10 of the Dungeon
 10127 | D:10     | Found a runed translucent door.
 10565 | D:10     | Reached skill level 11 in Ranged Weapons
 10589 | D:10     | Noticed a necromancer
 10595 | D:10     | Killed a necromancer
 10870 | D:10     | Noticed an orange crystal statue
 10879 | D:10     | Found a runed translucent door.
 10889 | D:10     | Found a runed translucent door.
 10899 | D:10     | Found a runed translucent door.
 10912 | D:10     | Killed an orange crystal statue
 10986 | D:10     | Noticed Sonja
 10987 | D:10     | Killed Sonja
 10988 | D:10     | Reached skill level 12 in Ranged Weapons
 11148 | D:10     | Reached XP level 12. HP: 106/106 MP: 21/21
 11227 | D:10     | Reached skill level 10 in Fighting
 11548 | Lair:1   | Entered Level 1 of the Lair of Beasts
 11741 | Lair:1   | Noticed a boulder beetle
 11747 | Lair:1   | Killed a boulder beetle
 12833 | Lair:2   | Reached skill level 13 in Ranged Weapons
 13273 | Lair:2   | Found a staircase to the Shoals.
 13821 | Lair:3   | Found a hole to the Spider Nest.
 13858 | Lair:3   | You fall into a shaft and drop 2 floors!
 13858 | Gauntlet | Identified the "Neqesip"
 13858 | Lair:5   | Entered Level 5 of the Lair of Beasts
 13858 | Lair:5   | Found the amulet of the Air {Inacc Air Fly rElec RMsl}
 13904 | Lair:5   | Identified the +5 mace of the Open Hand {flame, rElec rF-
                  | Will++ Stlth+}
 13907 | Lair:5   | Reached XP level 13. HP: 116/116 MP: 22/22
 13918 | Lair:5   | Found a gate leading to a gauntlet.
 13931 | Gauntlet | Entered a Gauntlet
 13931 | Gauntlet | Found a transporter.
 13931 | Gauntlet | Found a transporter.
 13938 | Gauntlet | Found a transporter.
 13950 | Gauntlet | Found a transporter.
 13967 | Gauntlet | Found a transporter.
 13968 | Gauntlet | Found a transporter.
 13968 | Gauntlet | Found a transporter.
 13970 | Gauntlet | Found a transporter.
 13970 | Gauntlet | Found a transporter.
 13975 | Gauntlet | Found a runed translucent door.
 13980 | Gauntlet | Found a runed translucent door.
 13982 | Gauntlet | Found a transporter.
 13998 | Gauntlet | Found a transporter.
 14005 | Gauntlet | Found a transporter.
 14007 | Gauntlet | Noticed a dire elephant
 14022 | Gauntlet | Found a transporter.
 14042 | Gauntlet | Found a transporter.
 14043 | Gauntlet | Found a runed translucent door.
 14116 | Gauntlet | Identified the +2 leather armour of Cufeet {Regen+}
 14148 | Gauntlet | Identified the +1 pair of gloves "Zusuin" {*Corrode rPois
                  | rC++}
 14214 | Gauntlet | Reached skill level 14 in Ranged Weapons
 14246 | Gauntlet | Identified the +1 arbalest of the Bequeathed God {heavy,
                  | Str+3 Stlth+}
 14246 | Gauntlet | Noticed a minotaur
 14250 | Gauntlet | Killed a minotaur
 14564 | Lair:5   | Reached skill level 10 in Dodging
 14675 | Lair:5   | HP: 16/117 [eight-headed hydra (5)]
 14676 | Lair:5   | HP: 6/117 [eight-headed hydra (4)]
 14676 | Lair:5   | HP: 1/117 [eight-headed hydra (4)]
 14676 | Lair:5   | Slain by an eight-headed hydra

Illustrated notes

Levels and vault maps discovered:
D:1:      dpeg_arrival_line_fractal, layout_basic
D:2:      layout_loops_ring, minmay_misc_feat_encased
D:3:      layout_loops_ring, slow_altar_1, basic_ecumenical_altar, serial_shops,
          shop, kennysheep_generic_room_2, uniq_sigmund
D:4:      layout_rooms, mainiacjoe_overflow_six_doors_small, temple_statues,
          uniq_natasha
D:5:      layout_loops_cross, kennysheep_potato, uniq_grinder
D:6:      layout_basic, hellmonk_overflow_destroyed_library, uniq_menkaure,
          uniq_jeremiah, uniq_edmund
D:7:      layout_basic, worms_lemuel, uniq_duvessa, uniq_joseph
D:8:      layout_basic, gammafunk_ghost_wrathful_warriors, enter_bailey_2
D:9:      layout_irregular_city, mainiacjoe_overflow_small_starburst,
          jmf_multi_god_temple2, david_lair_generic, serial_column_ruins,
          column_ruins_hut, column_ruins_corridor_straight,
          column_ruins_open_tiny, column_ruins_corridor_dead_end,
          column_ruins_grid_1, column_ruins_corridor_straight,
          column_ruins_open_medium, serial_shops, nicolae_lakefront_shop
D:10:     hangedman_screamer, layout_irregular_city, eino_curves_01,
          minmay_statue_crystal_thing, uniq_sonja
Temple:   nicolae_temple_superstar
Lair:1:   layout_layer_cave
Lair:2:   layout_regular_city, minmay_shoals_entry_beasts, basic_altar
Lair:3:   layout_cave_pods, nicolae_spider_entry_orb_guardian,
          serial_bayou_pond_a
Lair:5:   minmay_lair_end_frog_pond, layout_gridlike, gauntlet_entry_generic,
          uniq_kirke

Skill      XL: |  1  2  3  4  5  6  7  8  9 10 11 12 13 |
---------------+----------------------------------------+-----
Stealth        | 1 2 3 4 |  4.0
Fighting       | 2 3 4 5 6 7 8 9 11 | 11.7
Ranged Weapons | 4 5 6 7 8 10 12 13 14 | 14.9
Spellcasting   | 2 3 |  3.8
Poison Magic   | 2 4 5 |  5.7
Dodging        | 4 5 7 9 10 | 10.0
Fire Magic     | 2 |  2.0

Action                     |  1- 3 |  4- 6 |  7- 9 | 10-12 | 13-15 || total
---------------------------+-------+-------+-------+-------+-------++-------
   Fire: Shortbow          |   114 |   246 |   201 |       |       ||   561
         Arbalest          |       |       |    29 |   326 |   116 ||   471
   Cast: Sting             |       |       |    34 |       |       ||    34
         Poisonous Vapours |       |       |    48 |       |       ||    48
         Ignite Poison     |       |       |     9 |       |       ||     9
    Use: Potion            |       |     3 |     5 |       |     1 ||     9
         Scroll            |       |       |     8 |     6 |     4 ||    18
 Armour: Leather armour    |    15 |    30 |       |    80 |    80 ||   205
         Robe              |       |    56 |   112 |     2 |       ||   170
  Dodge: Dodged            |    27 |    75 |    97 |   147 |    47 ||   393
  Block: Other             |       |       |       |       |     8 ||     8

Table legend: (Time is in decaauts)
 A = Elapsed time spent in this place.
 B = Non-inter-level travel time spent in this place.
 C = Inter-level travel time spent in this place.
 D = Time resting spent in this place.
 E = Time spent auto-exploring this place.
 F = Levels seen in this place.
 G = Mean time per level.
                   A        B        C        D        E       F      G
               +--------+--------+--------+--------+--------+-----+--------+
         Total |  14992 |  14445 |    547 |   2137 |   9567 |  17 |  881.9 |
       Dungeon |  11210 |  10727 |    483 |   1838 |   7009 |  10 | 1121.0 |
        Temple |      1 |      1 |      0 |      0 |      0 |   1 |    1.0 |
          Lair |   2836 |   2772 |     64 |    106 |   2181 |   4 |  709.0 |
        Bailey |    588 |    588 |      0 |    193 |    256 |   1 |  588.0 |
      Gauntlet |    355 |    355 |      0 |      0 |    121 |   1 |  355.0 |
               +--------+--------+--------+--------+--------+-----+--------+

Top non-repeatable levels by time:
     D:7: 1833 daAuts
     D:6: 1490 daAuts
     D:9: 1343 daAuts
     D:3: 1268 daAuts
  Lair:1: 1227 daAuts
     D:5: 1202 daAuts
    D:10: 1124 daAuts
     D:2: 986 daAuts
  Lair:2: 917 daAuts
     D:4: 741 daAuts
     D:1: 629 daAuts
     D:8: 591 daAuts
  Bailey: 588 daAuts
  Lair:5: 490 daAuts
Gauntlet: 355 daAuts
